[Event "Slovakia Open 2022"]
[Site "Bratislava"]
[Date "2022.10.01"]
[Round "7.16"]
[White "Bombek, Peter"]
[Black "Pasti, Zsombor"]
[Result "1/2-1/2"]
[ECO "D35"]
[WhiteElo "2083"]
[BlackElo "1884"]
[Annotator "TA"]
[PlyCount "78"]
[EventDate "2022.09.30"]
[EventCountry "SVK"]
[SourceTitle "playchess.com"]
[Source "ChessBase"]
[SourceQuality "1"]
[TimeControl "2700+10"]

1. d4 d5 2. c4 e6 3. Nc3 Nf6 4. cxd5 exd5 5. Bg5 Be7 6. e3 c6 7. Bd3 Be6 8. Qc2 Nbd7 9. Nf3 O-O 10. O-O h6 11. Bh4 Bg4 12. Bxf6 Bxf6 {[%emt 0:00:10] [#]} 13. b4 $146 {[%emt 0:00:31][%cal Bb2b4,Bb4b5][%mdl 32] D35: Queen's Gambit Declined: Exchange Variation.} ({Predecessor:} 13. Nd2 Re8 14. h3 Be6 15. b4 a6 16. a4 g5 17. Bf5 Nf8 18. Nb3 Be7 19. Nc5 Bxc5 20. bxc5 b5 21. cxb6 Qxb6 {1-0 (59) Harasta,V (2190)-Hanuliak,S Tatranska Lomnica 1999}) 13... Qb6 14. Rab1 a6 {[%emt 0:00:10] Prevents b5.} 15. a4 {[%emt 0:00:50] White has an edge.} Rac8 16. Qb3 a5 17. b5 (17. Rfc1 $5 ) 17... Qc7 18. Rfc1 {[%emt 0:06:59][%cal Oc3d5] Threatens to win with Nxd5!} Qd6 19. Rb2 Be6 20. bxc6 bxc6 21. Rcb1 Rb8 22. Qa2 Rxb2 23. Rxb2 Rb8 (23... c5 {looks sharper.} 24. Qb1 Bg4 25. Rb7 Bxf3 26. gxf3 cxd4 27. Nb5 Qe7) 24. Rxb8+ Qxb8 25. Qa3 (25. Ne2 $11) 25... Qb4 $17 26. Qxb4 axb4 27. Nb1 c5 28. dxc5 Nxc5 29. Bb5 Bf5 30. Nfd2 (30. Nbd2 $17 {is a better defense.}) 30... Bd8 31. Bc6 Ba5 (31... Bc2 $19 32. Bxd5 Kf8) 32. f3 ({White has to play} 32. Bxd5 $15 Bc2 33. Nc4) 32... b3 33. Bxd5 {[%emt 0:00:26] [#]} (33. e4 $17 dxe4 34. fxe4) 33... Bd3 ({Better is} 33... Bc2 $1 $19 34. Bc4 Kf8) 34. Kf2 (34. Bxb3 $17 {was worth a try.} Bxb1 35. Bxf7+ Kxf7 36. Nxb1) 34... b2 $19 {[%emt 0:00:34] Black is clearly better.} 35. Ba2 Nxa4 36. Nc4 Nc3 37. Nxc3 Bxc3 {[%emt 0:00:37] This bishop pair is nice.} 38. Na3 Kf8 39. Bb1 Bxb1 {[%emt 0:00:30] Weighted Error Value: White=0.26 (precise) /Black=0.20 (precise)} (39... Ba6 $19 {is more deadly.} 40. e4 Bd2) 1/2-1/2

[Event "Slovakia Open 2022"]
[Site "Bratislava"]
[Date "2022.10.01"]
[Round "7.17"]
[White "Pekar, Matus"]
[Black "Chlpek, Daniel"]
[Result "0-1"]
[ECO "A45"]
[WhiteElo "1679"]
[BlackElo "2020"]
[Annotator "TA"]
[PlyCount "64"]
[EventDate "2022.09.30"]
[EventCountry "SVK"]
[SourceTitle "playchess.com"]
[Source "ChessBase"]
[SourceQuality "1"]
[TimeControl "2700+10"]

1. d4 Nf6 2. Nc3 d6 3. Bf4 g6 4. Qd2 Nbd7 5. e4 c5 (5... e5 $11 6. dxe5 (6. Bg5 exd4 7. Qxd4 Bg7 $11) 6... dxe5) 6. d5 {[%emt 0:01:42] A45: Trompowsky Attack.} Bg7 7. Bh6 Bxh6 8. Qxh6 {[%emt 0:00:02] White is slightly better.} Qa5 {[%emt 0:00:10] [#]} 9. Qe3 $146 (9. a3 $5 ) ({Predecessor:} 9. Qd2 a6 10. f3 b5 11. Nce2 Qxd2+ 12. Kxd2 Nb6 13. Nf4 g5 14. Nfh3 h6 15. b3 {0-1 (57) Boldt,M (1669)-Bausch,T (1953) Dortmund 2011}) 9... a6 10. Nf3 b5 11. Nd2 Bb7 12. f4 O-O-O 13. Be2 e6 14. dxe6 fxe6 {[%emt 0:00:02][%cal Bf7e6,Be6d5,Bd5e4,Be4e3][%mdl 32] ...d5 is the strong threat.} 15. O-O d5 16. exd5 (16. a4 $1 $11 {remains equal.} b4 17. Nd1 (17. Nb3 Qc7 $17)) 16... exd5 $17 17. Qd3 (17. Qf2 $17 {was worth a try.}) 17... Rhe8 $19 18. Bf3 Qb6 $36 {[%emt 0:02:49][%mdl 2048] [#] And now ...c4+ would win. Black has strong initiative.} 19. Ne2 ({Not} 19. Nxd5 $2 Nxd5 20. c4 Ne3 $19) 19... Ne4 20. Bxe4 dxe4 21. Qe3 Nf6 {[%emt 0:00:23] aiming for ...Ng4.} 22. c4 $2 {[%emt 0:04:11][%mdl 8192] This move loses the game for White.} (22. Nb3 $17) 22... Rd3 {[%emt 0:00:13] Black is clearly winning.} 23. Qf2 Rxd2 24. h3 e3 25. Qe1 Qc6 {[%emt 0:00:10][%csl Gb7][%cal Rc6g2] [#]} 26. Rf3 Qd6 27. Rg3 Nh5 28. Rg4 Rd8 {[%emt 0:00:27] Strongly threatening ...Qd3.} 29. Nc3 b4 30. Nd5 Bxd5 31. cxd5 Qxd5 {[%emt 0:00:10][%cal Oh5f4] ( -> ...Nxf4!)} 32. Qxe3 Qd4 {[%emt 0:00:01] Weighted Error Value: White=1.03/Black=0.49} 0-1

[Event "Slovakia Open 2022"]
[Site "Bratislava"]
[Date "2022.10.01"]
[Round "7.18"]
[White "Rosol, Alexander"]
[Black "Romanova, Ela"]
[Result "1-0"]
[ECO "B20"]
[WhiteElo "2041"]
[BlackElo "1580"]
[Annotator "TA"]
[PlyCount "53"]
[EventDate "2022.09.30"]
[EventCountry "SVK"]
[SourceTitle "playchess.com"]
[Source "ChessBase"]
[SourceQuality "1"]
[TimeControl "2700+10"]

1. e4 c5 2. b4 cxb4 3. a3 e6 4. d4 Nf6 5. Bd3 Nc6 6. Nf3 {[%emt 0:00:03] B20: Sicilian: Unusual White 2nd moves.} Be7 {[%emt 0:00:52] [#]} 7. h4 $146 (7. O-O $11 {feels stronger.}) ({Predecessor:} 7. O-O d6 8. Re1 e5 9. d5 Nb8 10. axb4 O-O 11. h3 Nbd7 12. c4 b6 13. Nc3 Bb7 14. Re2 a5 15. bxa5 Rxa5 16. Rxa5 bxa5 {½-½ (40) Araujo,R (1903)-Da Silva,T (2080) Sao Paulo 2019}) 7... Qb6 8. Kf1 (8. O-O $15) 8... Ng4 $17 9. Nbd2 (9. Be2 $142) 9... d5 (9... Nxd4 $2 10. Nc4 Qd8 11. Nxd4 $18) 10. Qe2 Bd7 ({Resist} 10... Nxd4 11. Nxd4 Qxd4 12. Nb3 Qxf2+ 13. Qxf2 Nxf2 14. Kxf2 $16) ({Black should try} 10... O-O $17 11. a4 f5 12. exf5 exf5) 11. Nb3 (11. Rb1 $15) 11... a5 ({Better is} 11... O-O $17 {aiming for ...bxa3.} 12. a4 dxe4 13. Qxe4 Nf6) 12. exd5 $11 exd5 {[%emt 0:00:12] Hoping for ...0-0.} 13. Nc5 O-O-O {[%emt 0:01:43] [#] A mistake that costs the game.} (13... Bc8 $11 {and Black stays safe.}) 14. axb4 $1 $18 Bxc5 (14... Qxb4 $142 15. Nxd7 Rxd7) 15. bxc5 Qc7 16. g3 Rhe8 {[%emt 0:01:26] [#]} 17. Qd1 {[%emt 0:00:22] Bf4 is the strong threat.} Be6 $2 (17... f6 {was called for.} 18. Bf4 Nge5 19. dxe5 fxe5) 18. Bf4 {[%emt 0:00:20] White is clearly winning.} Qd7 19. Bb5 Nf6 20. Ne5 Bh3+ 21. Kg1 Qf5 22. Bxc6 bxc6 23. Rxa5 {[%emt 0:00:29] Threatening mate with Ra8+.} Rxe5 24. dxe5 {[%emt 0:00:30] Threatens to win with Ra7.} Ne4 25. Qb1 (25. e6 $142 Qxe6 26. Ra7) 25... Kd7 26. Qb7+ Ke8 27. Ra7 {[%emt 0:00:07] Weighted Error Value: White=0.18 (very precise) /Black=0.70} 1-0

[Event "Slovakia Open 2022"]
[Site "Bratislava"]
[Date "2022.10.01"]
[Round "7.19"]
[White "Mandak, Miroslav"]
[Black "Hasala, Richard"]
[Result "1-0"]
[ECO "B20"]
[WhiteElo "1864"]
[BlackElo "1537"]
[Annotator "NA COMBH"]
[PlyCount "69"]
[EventDate "2022.09.30"]
[EventCountry "SVK"]
[SourceTitle "playchess.com"]
[Source "ChessBase"]
[SourceQuality "1"]
[TimeControl "2700+10"]

1. e4 c5 2. c4 Nc6 3. Nc3 e5 4. d3 d6 5. f4 Nf6 6. Nf3 Bg4 7. Be2 Bxf3 8. Bxf3 Be7 9. O-O O-O 10. Kh1 a6 11. f5 Rb8 12. g4 Nd7 13. Qd2 h6 14. Qf2 Bh4 15. Qg2 Bg5 16. Bxg5 hxg5 17. Bd1 g6 18. Ba4 Kg7 19. Rf2 f6 20. Nd5 b5 21. Bb3 gxf5 22. Rxf5 Nd4 23. Rf2 Nb6 24. Ne3 Rh8 25. cxb5 axb5 26. Nf1 Ra8 27. Rc1 Nxb3 28. axb3 Qd7 29. Ng3 Kg6 30. Rcf1 Raf8 31. Nh5 Rf7 32. Rxf6+ Rxf6 33. Rxf6+ Kh7 34. Qf3 Qd8 35. Qf5+ 1-0

[Event "Slovakia Open 2022"]
[Site "Bratislava"]
[Date "2022.10.01"]
[Round "7.20"]
[White "Krajnak, Robert"]
[Black "Hlavac, Tomas"]
[Result "1-0"]
[ECO "E67"]
[WhiteElo "1931"]
[BlackElo "1554"]
[Annotator "TA"]
[PlyCount "83"]
[EventDate "2022.09.30"]
[EventCountry "SVK"]
[SourceTitle "playchess.com"]
[Source "ChessBase"]
[SourceQuality "1"]
[TimeControl "2700+10"]

1. c4 Nf6 2. Nc3 g6 3. g3 Bg7 4. Bg2 O-O 5. Nf3 d6 6. O-O c6 7. d4 Nbd7 {[%emt 0:00:34] Recently 7...Bf5 got a lot of attention.} 8. e4 a6 {[%emt 0:01:03] E67: King's Indian: Fianchetto: 6...Nbd7.} 9. a4 {[%emt 0:00:31] [#]} b6 $146 (9... a5 $11 {remains equal.}) ({Predecessor:} 9... e5 10. h3 Ne8 11. Be3 f5 12. Qd2 Ndf6 13. dxe5 Nxe4 14. Qd3 Nxc3 15. bxc3 Qc7 16. exd6 Qxd6 17. Qxd6 Nxd6 18. Bc5 {1-0 (61) Juhanak,D (1567)-Vana,J (1268) Karlovy Vary 2020}) 10. h3 (10. e5 $16 Ne8 11. Re1) 10... Bb7 {[%emt 0:03:32] White has an edge.} 11. Be3 b5 (11... e5 $14) 12. e5 $16 ({Much worse is} 12. cxb5 $6 cxb5 13. e5 (13. axb5 axb5 14. Nd2 Rxa1 $11) 13... Nd5 $11) 12... Ne8 13. exd6 {[%emt 0:00:24] White is more active.} ({Don't do} 13. axb5 cxb5 14. exd6 (14. cxb5 axb5 15. Nxb5 dxe5 $11) 14... Nxd6 $14) (13. e6 $1 $16 ) 13... Nxd6 14. c5 Nc4 15. b3 $2 (15. Bg5 $14 {keeps the upper hand.}) 15... Nxe3 $17 16. fxe3 Qc7 (16... Nxc5 $1 $17 {With the idea ...Nd7.} 17. Rc1 Ne6) 17. Qe1 b4 18. Ne4 a5 19. Rd1 Nf6 20. Ned2 (20. Nxf6+ $1 $15 Bxf6 21. Nd2) 20... Nd5 21. Nc4 Bh6 (21... Ba6 $17 {And now ...Bxc4 would win.} 22. Rc1 Bxc4 23. bxc4 Nc3 24. Rxc3 bxc3) 22. Rd3 Rad8 23. g4 Ba6 24. Nfd2 {[%emt 0:02:56] [#]} Nc3 $1 25. Ne4 Bxc4 26. bxc4 Nxe4 27. Bxe4 e5 {[%emt 0:00:38] Threatens to win with ...exd4.} 28. Qf2 exd4 29. exd4 Rfe8 30. Qg2 {[%emt 0:00:42][%mdl 8192] [#]} (30. Bg2 $11 {and White stays safe.}) 30... Rc8 $2 (30... Rxd4 $3 $19 31. Rxd4 Be3+ 32. Kh1 Bxd4 33. Bxc6 Re3) 31. Kh1 $15 Bg7 32. d5 cxd5 ({Black should try} 32... Qe7 $17 33. Bf3 Qxc5 34. dxc6 Qxc4) 33. Bxd5 $11 Rf8 34. c6 Rb8 ({Better is} 34... Kh8 $11) 35. Rdf3 $14 {[%emt 0:01:53] aiming for Rxf7.} b3 $2 (35... Qe5 $14) 36. Rxf7 $1 {[%emt 0:00:53][%csl Gf1][%cal Rf7f8] White mates.} Kh8 37. Rxc7 b2 38. Rb7 Rfe8 39. Qf3 Rf8 40. Rxb8 Rxb8 41. c7 Rc8 42. Qf7 {[%emt 0:00:15] White used his chance.  Weighted Error Value: White=0.42/Black=0.43} 1-0

[Event "Slovakia Open 2022"]
[Site "Bratislava"]
[Date "2022.10.01"]
[Round "7.21"]
[White "Migalko, Dmitriy"]
[Black "Mizicka, Matus"]
[Result "0-1"]
[ECO "B00"]
[WhiteElo "1528"]
[BlackElo "1975"]
[Annotator "TA"]
[PlyCount "106"]
[EventDate "2022.09.30"]
[EventCountry "SVK"]
[SourceTitle "playchess.com"]
[Source "ChessBase"]
[SourceQuality "1"]
[TimeControl "2700+10"]

1. e4 b6 2. Nf3 Bb7 3. Nc3 e6 4. d4 Bb4 5. Bd3 Nf6 6. e5 Nd5 7. Bd2 {[%emt 0:00:03] B00: Queen's Fianchetto Defence, Nimzowitsch Defence.} Nxc3 8. bxc3 Be7 9. O-O {[%emt 0:00:40] The position is equal.} d6 10. Re1 (10. a4 {seems wilder.} O-O 11. Qe2 dxe5 12. Nxe5 Nd7 13. Bf4) 10... Nd7 {[%emt 0:00:31] [#]} 11. Be4 $146 (11. exd6 $11 Bxd6 12. Bg5) ({Predecessor:} 11. Qe2 h6 12. Be4 Bxe4 13. Qxe4 d5 14. Qg4 g6 15. Qf4 Nf8 16. a4 a5 17. Qe3 {0-1 (27) Wilson,N (1590)-Takahashi,Y (1531) ICCF email 2017}) 11... Bxe4 (11... d5 $15 12. Bd3 c5) 12. Rxe4 $11 d5 13. Rg4 g6 14. Bh6 f5 15. exf6 Nxf6 16. Bg7 {[%emt 0:00:03] Threatens to win with Rxg6.} Rg8 17. Bxf6 Bxf6 18. Qe2 Kd7 19. Ne5+ ({Better is} 19. Re1 $16 Re8 20. c4) 19... Bxe5 $14 20. Qxe5 (20. dxe5 $14 h5 21. Rg3) 20... Qe7 $11 21. c4 Qd6 22. cxd5 (22. Qe3 $142) 22... Qxe5 23. dxe5 exd5 {[%emt 0:00:03][%mdl 4096] Endgame KRR-KRR} 24. Rd4 Ke6 25. c4 ({White should try} 25. Rad1 $15) 25... dxc4 $17 ({But not} 25... Kxe5 $6 26. Rxd5+ Kf6 27. Rad1 $11) 26. Rxc4 c5 27. Re1 Rad8 28. Rh4 {[%emt 0:00:59] [#]} h5 (28... Rg7 $142 $1 29. Rf4 Rf7 30. Rxf7 Kxf7) 29. Ra4 Rg7 30. h4 Rd4 (30... Rd2 $17 {aiming for ...Rc7.} 31. f4 Rc7) 31. Rxd4 $11 cxd4 {[%emt 0:00:01] KR-KR} 32. Re4 {[%emt 0:00:01] [#] This costs White the game.} (32. f4 $11) 32... Kd5 $1 $19 33. f3 (33. Re1 {nothing else works.}) 33... Re7 34. Rf4 (34. Re1 $142 Rxe5 35. Rd1) 34... Rxe5 35. Rf7 a5 36. Rd7+ Kc5 37. Kf2 (37. g4 $142 hxg4 38. fxg4) 37... Re6 38. a4 Kc4 39. g4 hxg4 40. fxg4 d3 {[%emt 0:00:50][%cal Bd4d3,Bd3d2][%mdl 32] ( -> ...Kc3)} 41. Rc7+ Kb3 42. Rd7 Kc2 {[%emt 0:00:27] Strongly threatening ...d2.} 43. Rc7+ Kd1 44. h5 gxh5 {[%emt 0:00:18] Black mates.} 45. gxh5 d2 46. Rc8 Rf6+ 47. Kg2 Rh6 48. Rb8 Rxh5 49. Rxb6 Rh4 50. Kf3 Rxa4 51. Ke3 Ra3+ 52. Kd4 Kc2 53. Rc6+ Kb2 {[%emt 0:00:23] Weighted Error Value: White=0.68/Black=0.19 (very precise)} 0-1

[Event "Slovakia Open 2022"]
[Site "Bratislava"]
[Date "2022.10.01"]
[Round "7.22"]
[White "Meszaros, Casey Ryan"]
[Black "Matejka, Simon"]
[Result "1-0"]
[ECO "D46"]
[WhiteElo "1925"]
[BlackElo "1422"]
[Annotator "TA"]
[PlyCount "49"]
[EventDate "2022.09.30"]
[EventCountry "SVK"]
[SourceTitle "playchess.com"]
[Source "ChessBase"]
[SourceQuality "1"]
[TimeControl "2700+10"]

1. d4 d5 2. c4 e6 3. Nc3 Nf6 4. e3 Be7 5. Nf3 O-O 6. Bd3 c6 7. O-O Nbd7 8. Re1 {[%emt 0:00:13] 8.e4 is setting a new trend.} a6 {[%emt 0:00:32] D46: Semi-Slav: 5 e3 Nbd7 6 Bd3, Black avoids the Meran.} 9. a4 Re8 10. e4 dxe4 {[%emt 0:00:43] White is slightly better.} 11. Nxe4 Nxe4 12. Bxe4 {[%emt 0:00:19] [#]} Bd6 $146 {[%emt 0:00:41] [#]} ({Black should play} 12... c5 $14) ({Predecessor:} 12... Nf6 13. Bc2 c5 14. Be3 Qc7 15. h3 b6 16. Qe2 Bb7 17. b3 Rad8 18. Red1 Ne4 {1-0 (51) Bocharov,O (1923)-Kornev,S (1613) Voronezh 2014}) 13. Bxh7+ $1 $18 Kxh7 14. Ng5+ $1 Kg8 {[%emt 0:00:09] White must now prevent ...Nf6.} 15. Qh5 {[%emt 0:00:11] Qh7+ would kill now.} Qf6 {[%emt 0:00:25] [#] aiming for ...Nf8.} (15... Nf6 16. Qxf7+ Kh8 17. Re4 $1 Bxh2+ 18. Kxh2 Qc7+ 19. Qxc7 Nxe4 20. Qf7 $18) 16. Qh7+ $1 ({Worse is} 16. c5 Bc7 17. Qh7+ Kf8 $17) 16... Kf8 {[%emt 0:00:02] [#] Hoping for ...Bb4.} 17. Ne4 $1 $40 {[%emt 0:00:38][%csl LRd6,LRf6][%mdl 128] White goes for the king. The board is on fire.} Qxd4 $2 (17... Qg6 18. Qxg6 Bxh2+ 19. Kxh2 fxg6) 18. Bg5 f6 19. Rad1 Bxh2+ 20. Kxh2 Qe5+ 21. f4 Qf5 22. Qh8+ {[%emt 0:00:32][%mdl 64] Deflection} Ke7 23. Qxg7+ Kd8 24. Nxf6 {[%emt 0:01:09][%cal Rd1d7] White threatens Rxd7+ and mate.} Qa5 25. Rxd7+ {[%emt 0:00:37] Weighted Error Value: White=0.46/Black=0.90} 1-0

[Event "Slovakia Open 2022"]
[Site "Bratislava"]
[Date "2022.10.01"]
[Round "7.23"]
[White "Hryshko Herman"]
[Black "Rosol, Philip"]
[Result "0-1"]
[ECO "A31"]
[WhiteElo "1000"]
[BlackElo "1885"]
[Annotator "NA RC COMBH"]
[PlyCount "20"]
[EventDate "2022.09.30"]
[EventCountry "SVK"]
[SourceTitle "playchess.com"]
[Source "ChessBase"]
[SourceQuality "1"]
[TimeControl "2700+10"]

1. d4 Nf6 2. c4 c5 3. Nf3 cxd4 4. Nxd4 Nc6 5. Nxc6 bxc6 6. Nc3 e5 7. Bg5 Bb4 8. Qc2 O-O 9. e3 h6 10. Bh4 Qe7 0-1

[Event "Slovakia Open 2022"]
[Site "Bratislava"]
[Date "2022.10.01"]
[Round "7.24"]
[White "Tomcikova, Zuzana"]
[Black "Rakhmangulova, Anastasiya"]
[Result "0-1"]
[ECO "B23"]
[WhiteElo "1796"]
[BlackElo "2244"]
[Annotator "TA"]
[PlyCount "78"]
[EventDate "2022.09.30"]
[EventCountry "SVK"]
[SourceTitle "playchess.com"]
[Source "ChessBase"]
[SourceQuality "1"]
[TimeControl "2700+10"]

1. e4 c5 2. Nc3 a6 3. g3 b5 4. Bg2 Bb7 5. a4 b4 6. Nce2 {[%emt 0:00:02] B23: Closed Sicilian: Lines without g3.} Nf6 7. d3 e6 8. Nf3 {[%emt 0:00:23] The position is equal.} d6 9. O-O Nbd7 {[%emt 0:00:12] [#]} 10. Nh4 $146 ({Predecessor:} 10. b3 g6 11. Bb2 Bg7 12. Nd2 Qc7 13. Nc4 O-O 14. Nxd6 Qxd6 15. e5 Qc7 16. exf6 Bxf6 17. Bxf6 Nxf6 {1-0 (43) Silseth,S (2264)-Blomqvist,E (2507) Lund 2019}) 10... Be7 11. f4 Qc7 12. b3 a5 13. Bb2 (13. c4 $11 {feels stronger.}) 13... Ng4 {[%emt 0:01:05] Hoping for ...Ne3.} 14. Qd2 {[%emt 0:00:22] Against Ne3} (14. Bxg7 $2 Rg8 15. Bb2 Bxh4 $19) 14... Bxh4 15. gxh4 Ngf6 16. Ng3 O-O 17. Qe2 Rae8 18. f5 ({White should play} 18. Rae1 $14) 18... e5 $11 19. Bc1 d5 20. h5 h6 (20... Kh8 $5 ) 21. exd5 $1 Bxd5 22. Bxd5 Nxd5 23. Ne4 N7f6 24. Nxf6+ Nxf6 25. Qg2 {[%emt 0:00:18] [#] Black must now prevent Bxh6.} Kh7 ({Don't do} 25... Nxh5 26. Bxh6 Kh7 27. Bg5 $14 (27. Bxg7 Rg8 $11)) 26. Qh3 (26. Bb2 $15) 26... Qd6 (26... e4 $19 {And now ...exd3 would win.} 27. Bb2 exd3 28. Qxd3 (28. Bxf6 $2 gxf6 29. Qxd3 Rd8 $19) 28... c4 29. Qxc4 Qxc4 30. bxc4 Re4) 27. Bb2 $17 e4 {[%emt 0:00:55] Black is more active.} 28. dxe4 (28. Rae1 $17 {was necessary.}) 28... Rxe4 $19 29. Rf2 (29. Rad1 $142 Qb6 30. Bxf6 Qxf6 31. Qg3) 29... Rfe8 {[%emt 0:00:58] [#] ...Ng4 is the strong threat.} 30. Raf1 Re3 31. Rf3 (31. Qg2) 31... Re2 32. R3f2 (32. Bxf6 $142 gxf6 33. Rg3 Qd4+ 34. Kh1) 32... R8e4 $2 (32... Rxf2 33. Rxf2 Qd1+ 34. Rf1 Qxc2) 33. Rxe2 $2 (33. Bxf6 Rxf2 34. Rxf2 Qxf6 35. Kf1) 33... Rxe2 34. Bxf6 Qxf6 {[%emt 0:00:03] KQR-KQR} 35. Rf2 Qd4 $1 {[%emt 0:00:35][%csl LRc2,LRf2] Black mates.} 36. Qf3 Rxc2 37. Kg2 Rxf2+ 38. Qxf2 Qxf2+ 39. Kxf2 c4 {[%emt 0:00:06] Weighted Error Value: White=0.91/Black=0.46} 0-1

[Event "Slovakia Open 2022"]
[Site "Bratislava"]
[Date "2022.10.01"]
[Round "7.25"]
[White "Kijac, Miroslav"]
[Black "Melih, Mario"]
[Result "1-0"]
[ECO "D61"]
[WhiteElo "2078"]
[BlackElo "1633"]
[Annotator "TA"]
[PlyCount "51"]
[EventDate "2022.09.30"]
[EventCountry "SVK"]
[SourceTitle "playchess.com"]
[Source "ChessBase"]
[SourceQuality "1"]
[TimeControl "2700+10"]

1. d4 d5 2. c4 e6 3. Nc3 Nf6 4. Bg5 Be7 5. e3 Nbd7 6. Nf3 c6 7. Qc2 O-O 8. a3 Re8 9. Rd1 h6 10. Bh4 Nf8 {[%emt 0:00:08] D61: Queen's Gambit Declined: Classical: 7 Qc2.} 11. Bd3 dxc4 12. Bxc4 b5 {[%emt 0:00:09] White is slightly better.} 13. Ba2 Bb7 14. O-O (14. Bxf6 $16 gxf6 15. O-O) 14... a6 {[%emt 0:00:12] [#]} (14... N6d7 $14 15. Bg3 Qb6) 15. e4 $146 {[%emt 0:01:59] White has more active pieces.} (15. Bxf6 $16 gxf6 16. Ne4) ({Predecessor:} 15. Bxf6 Bxf6 16. Ne4 Be7 17. Ne5 Qc7 18. f4 Bd6 19. Nxd6 Qxd6 20. f5 f6 21. fxe6 fxe5 {1-0 (32) Savchenko,S (2580)-Sermier,G (2295) Biel 1996}) 15... Rc8 (15... Nh5 $5 16. Bxe7 Qxe7 $14) 16. e5 (16. Bxf6 $5 Bxf6 17. e5 $14) 16... Nd5 (16... N6d7 $1 $11 {remains equal.} 17. Bg3 Qb6) 17. Bxe7 $16 Qxe7 18. Ne4 Red8 19. Nfd2 (19. Rfe1 $16) 19... f5 {[%emt 0:07:36] This move loses the game for Black.} ({Black should play} 19... Nf4 $14) 20. Nd6 $18 Rxd6 21. exd6 Qxd6 22. Nf3 Nd7 23. Rfe1 c5 (23... N7f6 {is a better defense.} 24. Qc5 Qd7 25. Bxd5 (25. Ne5 Qc7 $18) 25... Nxd5) 24. dxc5 Nxc5 25. Bxd5 Bxd5 (25... exd5 $142 26. Qxf5 Rf8) 26. b4 {[%emt 0:00:39] Weighted Error Value: White=0.23 (precise) /Black=0.64} 1-0

[Event "Slovakia Open 2022"]
[Site "Bratislava"]
[Date "2022.10.01"]
[Round "7.26"]
[White "Djubek, Boris"]
[Black "Balint, Peter"]
[Result "0-1"]
[ECO "D73"]
[WhiteElo "1995"]
[BlackElo "2235"]
[Annotator "TA"]
[PlyCount "76"]
[EventDate "2022.09.30"]
[EventCountry "SVK"]
[SourceTitle "playchess.com"]
[Source "ChessBase"]
[SourceQuality "1"]
[TimeControl "2700+10"]

1. d4 Nf6 2. c4 g6 3. Nf3 Bg7 4. g3 O-O 5. Bg2 c6 6. Nc3 d5 7. Ne5 Nbd7 {[%emt 0:02:56] D73: Fianchetto Grünfeld: 5 Nf3 .} 8. f4 dxc4 9. Nxc4 Nb6 {[%emt 0:00:18] The position is equal.} 10. Ne5 {[%emt 0:01:59] [#]} Ng4 $146 ({Predecessor:} 10... Nfd5 11. e4 Nxc3 12. bxc3 Be6 13. O-O f6 14. Nd3 Bc4 15. Rf3 e5 16. Ba3 Re8 {1-0 (42) Ortiz Herranz,E (2243)-Estrada Martinez,C (2167) Madrid 2011}) 11. O-O Nxe5 12. dxe5 Qc7 13. Qc2 Be6 14. e4 Rad8 15. b3 Qd7 16. Rd1 Qc8 17. Be3 Bg4 18. Re1 f6 19. exf6 Bxf6 20. e5 Bg7 21. Qf2 (21. a4 $16) 21... Bxe5 $1 $15 22. Bxb6 (22. Rac1 $11) 22... Bxc3 $17 23. Bxd8 Rxd8 24. Kh1 Bxa1 25. Rxa1 a6 26. Re1 Qd7 27. Qe3 Kf7 28. Kg1 Qd4 {[%emt 0:00:43] [#] Strongly threatening ...Qxe3+.} 29. h3 Qxe3+ 30. Rxe3 $19 {[%emt 0:00:01][%mdl 4096] Endgame KRB-KRB} Rd1+ 31. Kh2 Be6 {[%emt 0:00:04] aiming for ...Rd2.} 32. Re2 {[%emt 0:00:16] Against Rd2} a5 33. Bf3 {[%emt 0:00:29][%cal Oe2e6] And now Rxe6! would win.} Rd4 34. Bg4 {[%emt 0:00:34] [#]} Bd5 {[%emt 0:00:12] ...h5 is the strong threat.} 35. Kg1 a4 36. bxa4 (36. Re3 $142 Rd2 37. bxa4) 36... Rxa4 {[%emt 0:00:01] Black is clearly winning.} 37. Bc8 b5 38. Bd7 Ra7 {[%emt 0:00:15] Weighted Error Value: White=0.34/Black=0.09 (flawless)} 0-1

[Event "Slovakia Open 2022"]
[Site "Bratislava"]
[Date "2022.10.01"]
[Round "7.27"]
[White "Malaschitz, Teodor"]
[Black "Kucera, Michal"]
[Result "0-1"]
[ECO "B33"]
[WhiteElo "1448"]
[BlackElo "1927"]
[Annotator "TA"]
[PlyCount "34"]
[EventDate "2022.09.30"]
[EventCountry "SVK"]
[SourceTitle "playchess.com"]
[Source "ChessBase"]
[SourceQuality "1"]
[TimeControl "2700+10"]

1. e4 c5 2. Nf3 Nc6 3. d4 cxd4 4. Nxd4 Nf6 5. f3 e5 6. Nxc6 {[%emt 0:00:00] B33: Sicilian: Pelikan and Sveshnikov Variations.} bxc6 7. c4 (7. Bd3 $11) 7... Bc5 $17 8. Nc3 {[%emt 0:00:21] Black is slightly better.} O-O {[%emt 0:01:44][%cal Od7d5] [#]} 9. Qe2 $146 (9. Qc2 $15) ({Predecessor:} 9. Bg5 Bd4 10. Qc2 Rb8 11. Bd3 h6 12. Bd2 Ba6 13. Ke2 d5 14. b3 dxe4 15. Nxe4 {0-1 (26) Vodopivec,V (1973)-Kokol,P (2271) Nova Gorica 2014}) 9... Ba6 {[%emt 0:01:18] Black is more active.} (9... d5 $142 10. cxd5 (10. exd5 cxd5 11. cxd5 Nxd5 $19) 10... cxd5) 10. Be3 {[%emt 0:00:09] [#]} (10. Bg5 $17 {was necessary.}) 10... Bxc4 $1 $19 11. Qxc4 (11. Qf2 $142 Bxe3 12. Qxe3 Bxf1 13. Rxf1) (11. Qd2 Bxe3) 11... Bxe3 12. Qd3 Bd4 13. h4 d5 14. Rb1 Rb8 {[%emt 0:01:18] White must now prevent ...Qa5.} 15. a3 Qa5 16. exd5 $2 {[%emt 0:00:15] [#]} (16. b4 Qxa3 17. Nxd5) 16... Nxd5 {[%emt 0:01:38] Hoping for ...Nf4.} 17. b4 Bxc3+ {[%emt 0:00:19] Black took control after the opening.  Weighted Error Value: White=1.03/Black=0.34} 0-1